 Dungeon Crawl Stone Soup version 0.15-a0-1253-g15b4f57 (webtiles) character file.

119 Quh the Charmwright (level 4, -3/29 HPs)
             Began as a High Elf Skald on June 4, 2014.
             Killed from afar by an orc wizard (9 damage)
             ... with a magic dart
             ... on Level 3 of the Dungeon.
             The game lasted 00:20:13 (3300 turns).

Quh the Charmwright (High Elf Skald)                Turns: 3300, Time: 00:20:14

HP  -3/29        AC  5     Str 11      XL: 4   Next: 73%
MP   8/11        EV 10     Int 17      God:
Gold 241         SH  0     Dex 14      Spells:  3 memorised,  1 level left

rFire  x . .     SeeInvis .     a - +0 short sword
rCold  + . .     Clarity  .     j - +0 leather armour
rNeg   . . .     rCorr    .     (no shield)
rPois  .         rRot     .     (no helmet)
rElec  .         Spirit   .     g - +0 cloak
SustAb .         Warding  .     (no gloves)
rMut   .         Stasis   .     r - +0 pair of boots
Gourm  .                        u - amulet of faith
MR     .....                    t - ring of ice
                                w - ring of teleport control

@: regenerating (expiring), not resistant to hostile enchantments, very
unstealthy
A: no striking features
a: Evoke Teleport Control


You were on level 3 of the Dungeon.
You were hungry.

You visited 1 branch of the dungeon, and saw 3 of its levels.

You collected 241 gold pieces.

Inventory:

Hand weapons
 a - a +0,+0 short sword (weapon)
Missiles
 i - 76 stones (quivered)
Armour
 b - a +0 leather armour
 g - a +0 cloak (worn)
 h - a +0 leather armour
 j - a +0 leather armour (worn)
 r - a +0 pair of boots (worn)
 x - a +1 cloak
Comestibles
 d - 3 bread rations
 q - a meat ration
 z - a chunk of gnoll flesh
Scrolls
 e - 3 scrolls of identify {unknown}
 f - a scroll of noise {unknown}
 l - 2 scrolls of remove curse {unknown}
 m - a scroll of fear {unknown}
 n - 2 scrolls of fog {unknown}
 s - 5 scrolls of teleportation {unknown}
Jewellery
 p - an uncursed ring of sustain abilities
 t - a ring of ice (right hand)
 u - an amulet of faith (around neck)
 w - a ring of teleport control (left hand)
Potions
 k - a potion of heal wounds {unknown}
 o - a potion of curing {unknown}
 v - a potion of restore abilities {unknown}
Books
 c - a book of Battle

   Spells                             Type                      Level
   *Infusion                          Charms                       1
   *Shroud of Golubria                Charms/Translocation         2
   Song of Slaying                    Charms                       2
   Spectral Weapon                    Hexes/Charms                 3
   *Regeneration                      Charms/Necromancy            3


   Skills:
 - Level 2.0 Fighting
 * Level 4.8 Short Blades
 - Level 0.8 Armour
 - Level 1.1 Dodging
 - Level 2.4 Spellcasting
 * Level 5.0 Charms


You had one spell level left.
You knew the following spells:

 Your Spells              Type           Power        Failure   Level  Hunger
a - Infusion              Chrm           ###...       2%          1    #......
b - Shroud of Golubria    Chrm/Tloc      ##........   12%         2    ##.....
c - Regeneration          Chrm/Necr      ##........   21%         3    ###....


Dungeon Overview and Level Annotations

Branches:
Dungeon (3/15)

Altars:


Message History

There is an open door here.
Your skin is crawling a little less now.
The orc wizard points at you and mumbles some strange words.
The magic dart hits you!
* * * LOW HITPOINT WARNING * * *
The orc wizard mumbles some strange words.
The orc wizard blinks!
The orc wizard barely misses you.
You hit the orc wizard.
The orc wizard is moderately wounded.
The orc wizard gestures at you while chanting.
The magic dart hits you!
* * * LOW HITPOINT WARNING * * *
You hit the orc wizard but do no damage.
The orc wizard is moderately wounded.
The orc wizard points at you and mumbles some strange words.
The magic dart hits you!
The orc wizard points at you and mumbles some strange words.
The magic dart hits you!
You die...

#.### #.....#... #...#
#####.#.#. ####'#####
####...#.[.#.
#........###....#.#####.
#........##..##.#.....#.
+........)..###.#####.##
#........#### #.........
#.......o# #########. #......@.#
####.. #........# ####....#
######'### #....#### ## #.ยง#
#.#### .# ########.## ##'######
.# #......o..########.......# .#
#.........#......'.....).#
.######...........######.......#
.'o.............### #.......#


You could see an orc wizard and an orc.

Vanquished Creatures
  Ijyb (D:2)
  4 gnolls (D:3)
  2 adders (D:3)
  3 giant geckos
  6 bats
  2 giant cockroaches (D:1)
  5 goblins
  7 hobgoblins
  3 jackals (D:3)
  4 kobolds
  A quokka (D:2)
38 creatures vanquished.

Notes
Turn   | Place    | Note
--------------------------------------------------------------
     0 | D:1      | Quh, the High Elf Skald, began the quest for the Orb.
     0 | D:1      | Reached XP level 1. HP: 14/14 MP: 4/4
   719 | D:1      | Reached XP level 2. HP: 19/19 MP: 6/6
   723 | D:1      | Learned a level 2 spell: Shroud of Golubria
   841 | D:1      | Reached skill level 4 in Charms
  1874 | D:2      | Noticed Ijyb
  1891 | D:2      | Killed Ijyb
  1891 | D:2      | Reached XP level 3. HP: 17/24 MP: 1/8
  2364 | D:3      | Learned a level 3 spell: Regeneration
  2729 | D:3      | Reached XP level 4. HP: 19/29 MP: 11/11
  3162 | D:3      | Reached skill level 5 in Charms
  3300 | D:3      | Killed from afar by an orc wizard

Action                   |  1- 3 |  4- 6 || total
-------------------------+-------+-------++-------
Melee: Short sword       |   164 |    49 ||   213
Throw: Stone             |       |     7 ||     7
 Cast: Infusion          |     5 |     1 ||     6
       Shroud of Golubri |     9 |     3 ||    12
       Regeneration      |       |     4 ||     4
 Stab: Distracted        |     1 |       ||     1
